cohdb
Replays
Latest Replays
All Replays
Popular Replays
Top Player Replays
Match Explorer
How It Works
Community
CoH3 Stats
Reddit
Sign in to upload your games and track your stats! →
Sign in with Steam
Match 41296970
Unlisted
Match 41296970
Overview
Messages
Build Orders
End
Vickers Machine Gun Team
Construct Section Command Post
Selects Canadian Shock Battlegroup
Dingo Light Scout Car
Infantry Section
Infantry Section
Grenade Package
Selects Attacking Spirit
Selects Canadian Shock Section
Canadian Shock Section
Construct Platoon Command Post
Selects Incendiary Munitions
Humber Armored Car
Selects Pyrotechnics
Canadian Shock Section
badger2
[DeanOfBao]hokkskyc
VvvV
Miško
CommieKillerz
Hauptmann
.
罗德哈特
0
0
Comments
sign in to comment!
No comments posted yet!